 Dungeon Crawl Stone Soup version 0.28-a0-80-g9707f7362f (webtiles) character file.

Game seed: 8506276091629872755

53 HAL9000 the Sneak (level 3, 0/18 HPs)
             Began as a Vine Stalker Brigand on Aug 5, 2021.
             Succumbed to a kobold's poison
             ... on level 2 of the Dungeon.
             The game lasted 00:02:14 (1872 turns).

HAL9000 the Sneak (Vine Stalker Brigand)            Turns: 1872, Time: 00:02:15

Health: 0/18       AC:  3    Str: 14    XL:     3   Next: 87%
Magic:  2/4        EV: 11    Int: 11    God:
Gold:   37         SH:  0    Dex: 15    Spells: 2/2 levels left

rFire   . . .      SeeInvis .   l - +3 dagger (pain)
rCold   . . .      Faith    .   (no shield)
rNeg    . . .      Spirit   +   b - +0 robe
rPois   .          Reflect  .   (no helmet)
rElec   .          Harm     .   c - +0 cloak
rCorr   .          Rampage  .   (no gloves)
Will    .....                   (no boots)
Stlth   +++.......              (no amulet)
HPRegen 0.06/turn               (no ring)
MPRegen 0.09/turn               (no ring)

@: lethally poisoned (0 -> -17)
A: fangs 2, magic shield, antimagic bite, no potion heal 2
a: no special abilities


You were on level 2 of the Dungeon.
You visited 1 branch of the dungeon, and saw 2 of its levels.

You collected 37 gold pieces.

Inventory:

Hand Weapons
 a - a +2 dagger
 l - a +3 dagger of pain (weapon)
Missiles
 d - 7 poisoned darts (quivered)
 e - 2 curare-tipped darts
Armour
 b - a +0 robe (worn)
 c - a +0 cloak (worn)
Scrolls
 h - a scroll of noise {unknown}
 i - a scroll of amnesia {unknown}
 k - a scroll of teleportation
Potions
 f - a potion of resistance {unknown}
 g - 2 potions of heal wounds {unknown}
 j - a potion of magic {unknown}


   Skills:
 - Level 1.7 Fighting
 - Level 1.7 Short Blades
 + Level 3.7 Throwing
 - Level 0.7 Dodging
 - Level 4.8 Stealth


You had 2 spell levels left.
You didn't know any spells.
Your spell library was empty.

Dungeon Overview and Level Annotations

Branches:
Dungeon (2/15)

Altars:

Shops:
D:1 [


Innate Abilities, Weirdness & Mutations

You have extremely sharp teeth.
When hurt, damage is shared between your health and your magic reserves.
Your bite disrupts and absorbs the magic of your enemies.
Potions cannot restore your health.


Message History

You closely miss the kobold. You bite the kobold, but do no damage.
The kobold is severely wounded.
The kobold barely misses you.
You hit the kobold.
You kill the kobold!
The bat hits you. The bat hits you but does no damage.
You closely miss the bat. You bite the bat. You drain its power.
You feel invigorated.
The bat is moderately wounded.
The bat barely misses you. The bat hits you but does no damage.
The bat barely misses you. The bat hits you but does no damage.
The bat hits you.
You hit the bat. Your bite misses the bat.
The bat is severely wounded.
The bat hits you.
A kobold comes into view. It is wielding a +1 whip of venom.
The bat hits you but does no damage.
The kobold shouts!
You hit the bat.
You kill the bat!
The dart slug launches a dart at you. The slug dart hits you.
Things that are here:
a bat corpse; a hobgoblin corpse You hit the dart slug.
You bite the dart slug, but do no damage.
The dart slug is heavily wounded.
The dart slug launches a dart at you. The slug dart hits you.
You are too injured to fight recklessly!
You are too injured to fight recklessly!
You hit the kobold. You bite the kobold. You drain its power.
You feel invigorated.
The kobold is severely wounded.
The kobold hits you with a +1 whip of venom.
* * * LOW HITPOINT WARNING * * *
You are lethally poisoned!
You hit the kobold.
You kill the kobold!
You die...

#.># #..# #..#########
###########..##......#
..............'......#
.##########..##......#
.# #..###.##### .#
#..# #)# .# #..# #@#
.# #..###w######## .#
#.....r........ .#
....###.######## .>
#.# ..K.g...#
........# .........
w.)....#.


You could see a dart slug and a rat.

Vanquished Creatures
  A worm (D:2)
  4 dart slugs
  5 ball pythons
  6 bats
  An endoplasm (D:2)
  2 giant cockroaches (D:1)
  A goblin (D:2)
  A hobgoblin (D:2)
  8 jackals
  3 quokkas (D:1)
  A frilled lizard (D:1)
  4 kobolds
  3 rats
40 creatures vanquished.

Notes
Turn   | Place    | Note
-------+----------+-------------------------------------------
     0 | D:1      | HAL9000 the Vine Stalker Brigand began the quest for the
                  | Orb.
     0 | D:1      | Reached XP level 1. HP: 11/11 MP: 2/2
   261 | D:1      | Found Olamenis's Armour Boutique.
   268 | D:1      | Reached XP level 2. HP: 15/15 MP: 3/3
   740 | D:1      | Reached XP level 3. HP: 18/18 MP: 4/4
  1872 | D:2      | Succumbed to a kobold's poison

Illustrated notes

Levels and vault maps discovered:
D:1:      dpeg_arrival_simpleton_c, layout_loops_corners, serial_shops,
          nicolae_diamond_shop
D:2:      minmay_spotlight, layout_basic

Skill      XL: |  1  2 |
---------------+-------+-----
Throwing       | 2 3 |  3.7
Fighting       | |  1.7
Short Blades   | |  1.7
Dodging        | |  0.7
Stealth        | |  4.8

Action                   || total
-------------------------++-------
Melee: Dagger            ||    96
       Bite              ||    23
Throw: Dart              ||     3
  Use: Scroll            ||     1
 Stab: Sleeping          ||    12
Armor: Robe              ||    23
Dodge: Dodged            ||    40

Table legend: (Time is in decaauts)
 A = Elapsed time spent in this place.
 B = Non-inter-level travel time spent in this place.
 C = Inter-level travel time spent in this place.
 D = Time resting spent in this place.
 E = Time spent auto-exploring this place.
 F = Levels seen in this place.
 G = Mean time per level.
                   A        B        C        D        E       F      G
               +--------+--------+--------+--------+--------+-----+--------+
         Total |   1863 |   1853 |     10 |    582 |   1032 |   2 |  931.5 |
       Dungeon |   1863 |   1853 |     10 |    582 |   1032 |   2 |  931.5 |
               +--------+--------+--------+--------+--------+-----+--------+

Top non-repeatable levels by time:
     D:1: 1326 daAuts
     D:2: 536 daAuts
